 Dungeon Crawl Stone Soup version 0.30.1-9-gdf580d7c3d (webtiles) character file.

Game seed: 5833512464600823238

1641029 LordWeiramon the Impregnable (level 24, 228/228 HPs)
             Began as a Demigod Gladiator on Oct 16, 2023.
             Escaped with the Orb
             ... and 3 runes on Oct 17, 2023!
             The game lasted 03:59:59 (69966 turns).

LordWeiramon the Impregnable (Demigod Gladiator)   Turns: 69966, Time: 04:00:00

Health: 228/228    AC: 64    Str: 22    XL:     24   Next: 58%
Magic:  27/27      EV: 28    Int:  9    God:
Gold:   2771       SH: 37    Dex: 43    Spells: 23/23 levels left

rFire   + . .        a - +9 double sword (heavy)
rCold   . . .        R - +8 tower shield {AC+3}
rNeg    + . .        L - +20 crystal plate armour of Fashionability {rElec rF+}
rPois   +            x - +2 hat
rElec   +            Y - +2 cloak {rPois}
rCorr   .            c - +2 pair of gloves of the Blessed Realm {Fly}
SInv    .            S - +2 pair of boots
Will    +++..        y - amulet of Life {RegenMP rN+} Stlth
                     W - +5 ring of evasion
HPRegen 0.58/turn    f - ring of willpower
MPRegen 0.60/turn

%: clarity
@: flying
A: high MP 1, forlorn, divine attributes, fangs 1, horns 1, agile 1, clarity,
poison resistance, MP-powered wands
0: Orb of Zot
}: 3/15 runes: decaying, serpentine, silver
a: no special abilities


You escaped.
You visited 9 branches of the dungeon, and saw 47 of its levels.

You collected 6573 gold pieces.
You spent 3802 gold pieces at shops.

Inventory:

Hand Weapons
 a - a +9 heavy double sword (weapon)
 b - a +6 heavy demon blade
Missiles
 d - 5 throwing nets (quivered)
 r - 4 silver javelins
 I - 2 javelins
Armour
 c - the +2 pair of gloves of the Blessed Realm (worn) {Fly}
   (You found it on level 5 of the Vaults)

   Fly:       It grants you flight.
 t - a +2 helmet of see invisible
 x - a +2 hat (worn)
 L - the +20 crystal plate armour of Fashionability (worn) {rElec rF+}
   (You acquired it on level 1 of the Swamp)

   rF:        It protects you from fire.
   rElec:     It insulates you from electricity.
 R - a +8 tower shield of protection (worn)
 S - a +2 pair of boots (worn)
 Y - a +2 cloak of poison resistance (worn)
Jewellery
 e - a ring of flight
 f - a ring of willpower (right hand)
 o - the ring "Awiabusa" {rF++ Int+6}
   (You bought it in a shop on level 2 of the Depths)

   [ring of intelligence]

   Int:       It affects your intelligence (+6).
   rF:        It greatly protects you from fire.
 y - the amulet of Life (around neck) {RegenMP rN+}
   (You took it off a frost giant on level 5 of the Vaults)

   [amulet of magic regeneration]

   It increases your rate of magic regeneration.
   rN:        It protects you from negative energy.
 B - the ring "Epafetz" {rF+ rCorr}
   (You took it off a deep elf demonologist on level 3 of the Elven Halls)

   [ring of resist corrosion]

   rF:        It protects you from fire.
   rCorr:     It protects you from acid and corrosion.
 K - a ring of protection from fire
 W - a +5 ring of evasion (left hand)
 X - the ring "Coewaeq" {*Slow rElec rC++ rCorr Dex+6}
   (You found it on level 4 of the Snake Pit)

   [ring of dexterity]

   Dex:       It affects your dexterity (+6).
   rC:        It greatly protects you from cold.
   rElec:     It insulates you from electricity.
   rCorr:     It protects you from acid and corrosion.
   *Slow:     It may slow you when you take damage.
Wands
 i - a wand of paralysis (60)
 n - a wand of roots (73)
 u - a wand of acid (26)
 w - a wand of digging (46)
 D - a wand of flame (113)
 N - a wand of polymorph (34)
 T - a wand of mindburst (48)
Scrolls
 h - 12 scrolls of teleportation
 k - 3 scrolls of magic mapping
 m - 3 scrolls of silence
 A - 5 scrolls of fear
 C - 8 scrolls of poison
 G - a scroll of enchant armour
 V - 2 scrolls of fog
Potions
 g - 6 potions of cancellation
 j - 10 potions of curing
 l - 10 potions of mutation
 p - 5 potions of ambrosia
 v - 14 potions of attraction
 z - 8 potions of might
 E - 5 potions of resistance
 H - 5 potions of haste
 J - 6 potions of flight
 M - 3 potions of berserk rage
 O - 7 potions of heal wounds
Miscellaneous
 q - a phantom mirror
 s - a box of beasts
 F - a lightning rod (4/4)
 Q - a phial of floods
 Z - a condenser vane


   Skills:
 - Level 21.0 Fighting
 - Level 21.0 Long Blades
 - Level 1.7 Throwing
 - Level 21.1 Armour
 + Level 18.5 Dodging
 - Level 20.0 Shields
 - Level 5.0 Evocations


You had 23 spell levels left.
You didn't know any spells.
Your spell library contained the following spells:

 Spells                   Type           Power      Damage    Failure   Level
 Apportation              Tloc           0%         N/A       100%        1
 Beastly Appendage        Tmut           0%         N/A       100%        1
 Foxfire                  Conj/Fire      0%         2x1d4     100%        1
 Kiss of Death            Conj/Necr      0%         2d5       100%        1
 Necrotise                Necr           0%         1d4       100%        1
 Shock                    Conj/Air       0%         1d3       100%        1
 Summon Small Mammal      Summ           0%         N/A       100%        1
 Blink                    Tloc           0%         N/A       100%        2
 Cigotuvi's Dreadful Rot  Necr/Pois/Air  0%         N/A       100%        2
 Ensorcelled Hibernation  Hex/Ice        0%         N/A       100%        2
 Passwall                 Tmut/Erth      0%         N/A       100%        2
 Scorch                   Fire           0%         2d5       100%        2
 Sublimation of Blood     Necr           0%         N/A       100%        2
 Wereblood                Tmut           0%         N/A       100%        2
 Call Canine Familiar     Summ           0%         N/A       100%        3
 Confusing Touch          Hex            0%         N/A       100%        3
 Dazzling Flash           Conj/Hex       0%         N/A       100%        3
 Frozen Ramparts          Ice            0%         1d1       100%        3
 Gell's Gravitas          Tloc           0%         N/A       100%        3
 Hailstorm                Conj/Ice       0%         3d3       100%        3
 Ignite Poison            Fire/Tmut/Pois 0%         N/A       100%        3
 Mephitic Cloud           Conj/Pois/Air  0%         N/A       100%        3
 Portal Projectile        Hex/Tloc       0%         N/A       100%        3
 Spider Form              Tmut/Pois      0%         N/A       100%        3
 Summon Guardian Golem    Hex/Summ       0%         N/A       100%        3
 Swiftness                Air            0%         N/A       100%        3
 Teleport Other           Tloc           0%         N/A       100%        3
 Tukima's Dance           Hex            0%         N/A       100%        3
 Vampiric Draining        Necr           0%         2d6       100%        3
 Volatile Blastmotes      Fire/Tloc      0%         2d10      100%        3
 Dispel Undead            Necr           0%         3d6       100%        4
 Flame Wave               Conj/Fire      0%         2d4       100%        4
 Ice Form                 Ice/Tmut       0%         N/A       100%        4
 Iskenderun's Mystic Bla  Conj/Tloc      0%         2d3       100%        4
 Leda's Liquefaction      Hex/Erth       0%         N/A       100%        4
 Manifold Assault         Tloc           0%         N/A       100%        4
 Olgreb's Toxic Radiance  Pois           0%         N/A       100%        4
 Passage of Golubria      Tloc           0%         N/A       100%        4
 Petrify                  Tmut/Erth      0%         N/A       100%        4
 Summon Ice Beast         Ice/Summ       0%         N/A       100%        4
 Summon Lightning Spire   Summ/Air       0%         N/A       100%        4
 Agony                    Necr           0%         N/A       100%        5
 Alistair's Intoxication  Tmut/Pois      0%         N/A       100%        5
 Blade Hands              Tmut           0%         N/A       100%        5
 Borgnjor's Vile Clutch   Necr/Erth      0%         N/A       100%        5
 Fireball                 Conj/Fire      0%         3d3       100%        5
 Irradiate                Conj/Tmut      0%         3d11      100%        5
 Lee's Rapid Deconstruct  Erth           0%         3d4*      100%        5
 Summon Forest            Summ/Tloc      0%         N/A       100%        5
 Summon Mana Viper        Hex/Summ       0%         N/A       100%        5
 Yara's Violent Unravell  Hex/Tmut       0%         3d3       100%        5
 Conjure Ball Lightning   Conj/Air       0%         3x3d6     100%        6
 Death Channel            Necr           0%         N/A       100%        6
 Dispersal                Tloc           0%         N/A       100%        6
 Eringya's Noxious Bog    Tmut/Pois      0%         N/A       100%        6
 Plasma Beam              Fire/Air       0%         2x1d11    100%        6
 Simulacrum               Ice/Necr       0%         N/A       100%        6
 Starburst                Conj/Fire      0%         6d3       100%        6
 Statue Form              Tmut/Erth      0%         N/A       100%        6
 Summon Cactus Giant      Summ           0%         N/A       100%        6
 Dragon Form              Tmut           0%         N/A       100%        7
 Malign Gateway           Summ/Tloc      0%         N/A       100%        7
 Monstrous Menagerie      Summ           0%         N/A       100%        7
 Orb of Destruction       Conj           0%         9d5       100%        7
 Spellforged Servitor     Conj/Summ      0%         N/A       100%        7
 Storm Form               Tmut/Air       0%         N/A       100%        7
 Summon Hydra             Summ           0%         N/A       100%        7
 Borgnjor's Revivificati  Necr           0%         N/A       100%        8
 Discord                  Hex            0%         N/A       100%        8
 Disjunction              Tloc           0%         N/A       100%        8
 Ignition                 Fire           0%         3d3       100%        8
 Maxwell's Capacitive Co  Air            0%         ∞         100%        8
 Necromutation            Tmut/Necr      0%         N/A       100%        8
 Summon Horrible Things   Summ           0%         N/A       100%        8
 Chain Lightning          Conj/Air       0%         N/A       100%        9
 Death's Door             Necr           0%         N/A       100%        9


Dungeon Overview and Level Annotations

Branches:
Dungeon (15/15)            Temple (0/1) D:7            Lair (5/5) D:9
  Swamp (4/4) Lair:2        Snake (4/4) Lair:3        Slime (0/5) Lair:5
    Orc (2/2) D:11            Elf (3/3) Orc:2        Vaults (5/5) D:14
  Crypt (0/3) Vaults:3     Depths (4/4) D:15            Zot (5/5) Depths:4

Shops:
D:5 *   D:9 [   D:13 (   Orc:2 (([**:[*   Snake:3 :=:   Snake:4 *   Vaults:5 :
Depths:2 (=

Portals:
Hell: Depths:1 Depths:2 Depths:3 Depths:4
Abyss: Depths:1 Depths:3
Pandemonium: Depths:2 Depths:4
Ziggurat: Depths:1
Bazaar: Elf:2

Annotations:
Zot:5 36 runed doors, exclusion: 36 doors


Innate Abilities, Weirdness & Mutations

You have an increased reservoir of magic. (+10% MP)
You shall have no god before yourself.
Your divine heritage dramatically boosts your attributes as you level up.
You have very sharp teeth.
You have a pair of small horns on your head.
You are agile. (Dex +4, Str/Int -1)
You possess an exceptional clarity of mind.
Your system is resistant to poisons. (rPois)
You expend magic power (3 MP) to strengthen your wands.


Message History

There is a stone staircase leading down here.
There is a stone staircase leading up here.
You fly upwards.
There is a stone staircase leading down here.
There is a stone staircase leading up here.
You fly upwards.
There is a stone staircase leading down here.
There is a stone staircase leading up here.
You fly upwards.
There is a stone staircase leading down here.
There is a stone staircase leading up here.
You fly upwards.
There is a stone staircase leading down here.
There is a stone staircase leading up here.
You fly upwards.
There is a stone staircase leading down here.
There is a stone staircase leading up here.
Things that are here:
2 scrolls of immolation; a scroll of amnesia You fly upwards.
There is a stone staircase leading down here.
There is a stone staircase leading up here.
You fly upwards.
There is a stone staircase leading down here.
A chaos spawn comes into view.
You chop the chaos spawn into pieces!!!!
You kill the chaos spawn!
The chaos spawn degenerates into a cloud of primal chaos!
(D) Dungeon (T) Temple (L) Lair (S) Swamp (P) Snake Pit (M) Slime Pits (O) Orcish Mines (E) Elven Halls (V) Vaults (C) Crypt (U) Depths (H) Hell (Z) Zot
Where to? (Enter - D:1 @ (x,y), ? - help)
There is a stone staircase leading up here.
You fly upwards.
There is a stone staircase leading down here.
A blizzard demon comes into view.
There is an open door here.
There is a staircase leading out of the dungeon here.
You have escaped!

..........##...###.#
#
..#.....###.....####
#
..##...##'.......'##
#
.......#(##.....##.#
#
.......##.##...##.##
# ..####.###'##.##'##
# ..# #.###.##.##.##
# ..##
#.##...#'#...##### #
.(.#
#.#....'.'.@.2'..#
#### ...#
#.##...###...###.####
###... ...# #..##.##
##.###.....###...#.
.### #.#####
###...###.#...#...
.#####.# ##.##
#...#....#
.......##### #.#
#.#...#...
...........# ##.#
#.......#.
##########.# #..#
##.#.#.... # #.#
#.######.....#..


You could see a blizzard demon.

Vanquished Creatures
  2 dread liches
  4 orbs of fire
  An ancient lich (Zot:5)
  2 juggernauts (Depths:3)
  Sojobo (Depths:2)
  Boris (Vaults:4)
  the Lernaean hydra (Swamp:4)
  3 Killer Klowns (Zot:5)
  2 caustic shrikes (Depths:3)
  A bone dragon (Depths:4)
  7 golden dragons
  3 electric golems (Zot:5)
  3 doom hounds
  16 tentacled monstrosities
  Grunn (Zot:3)
  4 liches
  A walking earthen tome (Depths:2)
  26 Orb Guardians
  3 deep elf blademasters
  10 quicksilver dragons
  2 titans (Vaults:5)
  2 deep elf master archers
  A walking frostbound tome (Depths:4)
  7 sphinxes
  An Executioner (Zot:1)
  Gastronok (Lair:3)
  8 shadow dragons
  2 thorn hunters
  15 storm dragons
  12 tengu reavers
  5 draconian monks
  3 death cobs
  9 fire giants
  6 nagarajas
  5 draconian knights
  9 frost giants
  9 vault wardens
  5 deep elf sorcerers
  3 iron dragons
  A balrug (Depths:4)
  2 ghost moths
  7 draconian scorchers
  6 draconian stormcallers
  4 deep elf elementalists
  9 draconian shifters
  3 orc warlords
  2 spriggan defenders
  18 stone giants
  2 draconian annihilators
  11 war gargoyles
  12 ironbound preservers
  10 green draconians
  8 eleionomae
  27 very ugly things
  2 vampire knights
  6 ironbound thunderhulks
  2 putrid mouths
  9 red draconians
  Azrael (D:14)
  8 deep elf demonologists
  9 dire elephants
  8 black draconians
  12 deep elf annihilators
  10 white draconians
  5 bunyips
  13 purple draconians
  6 yellow draconians
  8 spark wasps
  7 deep elf death magi
  Snorg (D:14)
  4 crystal guardians
  2 green deaths (Snake:1)
  3 shambling mangroves
  12 ettins
  8 fire dragons
  Josephine (D:11)
  4 entropy weavers
  3 jiangshi (Depths:2)
  5 great orbs of eyes
  A hydra (shapeshifter) (Depths:3)
  8 ice dragons
  3 deep elf high priests
  An ice dragon (shapeshifter) (Vaults:5)
  19 yaktaur captains
  6 peacekeepers
  A merfolk avatar (Lair:5)
  7 salamander tyrants
  34 vault guards
  7 rakshasas
  A spriggan air mage (Depths:3)
  5 ghost crabs
  5 ironbound frosthearts
  An ogre mage (Vaults:5)
  17 hydras
  31 centaur warriors
  2 two-headed ogres
  A two-headed ogre (shapeshifter) (Vaults:5)
  A catoblepas (D:14)
  9 tengu warriors
  4 death yaks (Lair:4)
  An anaconda (shapeshifter) (Depths:2)
  3 vampire magi (Depths:2)
  11 alligators
  18 anacondas
  4 boulder beetles
  9 deep troll shamans
  7 deep troll earth magi
  5 orc high priests (Orc:2)
  13 hell hogs
  11 spriggan berserkers
  23 dancing weapons
  18 naga warriors
  15 naga sharpshooters
  Nergalle (D:12)
  Urug (D:12)
  11 hell knights
  9 shock serpents
  4 skysharks
  A soul eater (Depths:4)
  Sonja (Lair:3)
  10 salamander mystics
  8 iron trolls
  9 deep elf knights
  A sun demon (Zot:5)
  A skeletal warrior (Vaults:3)
  2 sea snakes (Lair:5)
  42 deep trolls
  A flayed ghost (Depths:3)
  A deep troll (shapeshifter) (Vaults:5)
  6 goliath frogs
  An orb spider (shapeshifter) (Elf:1)
  3 spriggan druids
  3 glowing orange brains
  8 lindwurms
  14 swamp dragons
  9 naga ritualists
  6 bog bodies
  9 deep elf archers
  10 harpies
  5 necromancers (Depths:4)
  31 ugly things
  3 phantasmal warriors
  7 orc knights
  18 ironbound convokers
  5 wizards
  Pikel (D:7)
  18 deep elf zephyrmancers
  23 deep elf pyromancers
  5 orc sorcerers
  16 mana vipers
  40 salamanders
  3 will-o-the-wisps
  4 manticores
  3 cyclopes
  25 moths of wrath
  20 naga magi
  A cyclops (shapeshifter) (D:14)
  11 elephants
  A rust devil (Depths:2)
  10 guardian serpents
  An eye of devastation (shapeshifter) (D:9)
  Joseph (D:8)
  5 gargoyles
  16 vault sentinels
  52 black mambas
  Maggie (D:7)
  2 unseen horrors
  14 cane toads
  An ice devil (Depths:2)
  25 yaktaurs
  4 rime drakes
  2 efreet
  12 komodo dragons
  A yaktaur (shapeshifter) (Vaults:5)
  2 tormentors
  4 tengu conjurers
  A red devil (Depths:2)
  A meliai (shapeshifter) (Vaults:5)
  5 tyrant leeches
  6 polar bears
  A polar bear (shapeshifter) (Vaults:5)
  A hornet (shapeshifter) (Elf:2)
  5 trolls
  17 hornets
  A tarantella (Vaults:1)
  Prince Ribbit (Lair:3)
  22 blink frogs
  2 snapping turtles (Lair:5)
  14 dream sheep
  2 flying skulls (Vaults:3)
  Sigmund (D:4)
  2 air elementals
  7 wyverns
  6 wraiths
  A shadow (D:11)
  25 slime creatures
  A culicivora (Vaults:1)
  9 spriggans
  75 yaks
  2 fire bats (Depths:1)
  7 fire elementals
  6 redbacks
  A chaos spawn (D:2)
  A neqoxec (Depths:2)
  A steam dragon (D:8)
  10 basilisks
  A steam dragon (shapeshifter) (D:14)
  53 nagas
  5 vampire mosquitoes
  16 swamp worms
  An acid dragon (D:8)
  2 hell hounds (D:14)
  A swamp worm (shapeshifter) (Depths:2)
  15 water moccasins
  10 swamp drakes
  An ice beast (D:6)
  33 orc warriors
  3 ogres
  8 boggarts
  12 wolves (Lair:4)
  2 phantoms
  20 centaurs
  2 lemures (D:7)
  3 kobold brigands
  7 bullfrogs
  A gnoll sergeant (D:9)
  4 scorpions
  An earth elemental (Elf:2)
  4 wights (D:8)
  5 killer bees (D:8)
  A troll skeleton (Swamp:4)
  An electric eel (Lair:4)
  A crimson imp (D:8)
  2 howler monkeys
  5 hounds
  A lava snake (Snake:1)
  4 jellies
  15 orc priests
  An iron imp (D:7)
  An iguana (D:4)
  Terence (D:2)
  Natasha (thrice) (D:2)
  33 orc wizards
  6 adders
  3 gnolls (D:9)
  A shadow imp (D:7)
  4 white imps
  An ufetubus (D:5)
  A worm (D:3)
  2 dart slugs (D:4)
  76 orcs
  8 endoplasms
  5 giant cockroaches
  11 goblins
  2 hobgoblins (D:3)
  13 jackals
  25 kobolds
  6 quokkas
  8 ball pythons
  2 bats
  4 frilled lizards
  5 rats
2031 creatures vanquished.

Vanquished Creatures (others)
  A draconian knight (Zot:2)
  A ghost moth (Zot:5)
  An ice dragon (Depths:2)
  A centaur warrior (D:11)
  A deep elf knight (Elf:2)
  A deep troll (Vaults:3)
  A lindwurm (shapeshifter) (Vaults:5)
  2 bog bodies
  2 deep elf zephyrmancers (Elf:2)
  2 deep elf pyromancers
  4 bloated husks
  A large abomination (Zot:5)
  A hellwing (Zot:5)
  A centaur (D:11)
  An orc wizard (Orc:2)
  16 foxfires
37 creatures vanquished.

Grand Total: 2068 creatures vanquished

Notes
Turn   | Place    | Note
-------+----------+-------------------------------------------
     0 | D:1      | LordWeiramon the Demigod Gladiator began the quest for the
                  | Orb.
     0 | D:1      | Reached XP level 1. HP: 17/17 MP: 3/3
   267 | D:1      | Reached XP level 2. HP: 24/24 MP: 4/4
   696 | D:1      | Reached XP level 3. HP: 29/29 MP: 5/5
  1071 | D:2      | Noticed Natasha
  1078 | D:2      | Killed Natasha
  1188 | D:2      | Noticed Natasha
  1199 | D:2      | Killed Natasha
  1200 | D:2      | Reached XP level 4. HP: 36/36 MP: 6/6
  1312 | D:2      | Noticed Natasha
  1326 | D:2      | Killed Natasha
  1327 | D:2      | Reached skill level 5 in Long Blades
  1593 | D:2      | Noticed Terence
  1963 | D:3      | Reached XP level 5. HP: 41/41 MP: 7/7
  2040 | D:3      | Identified the +9 falchion "Opoaskur" {freeze, rElec}
  2749 | D:4      | Noticed Sigmund
  2756 | D:4      | Killed Sigmund
  2757 | D:4      | Reached XP level 6. HP: 47/48 MP: 8/8
  3115 | D:5      | Entered Level 5 of the Dungeon
  3158 | D:5      | Found Yrer's Overcharged Wands.
  3245 | D:5      | Noticed a water moccasin
  3251 | D:5      | Killed a water moccasin
  3252 | D:5      | Reached XP level 7. HP: 53/53 MP: 9/9
  3662 | D:5      | Noticed a wyvern
  4391 | D:6      | Reached skill level 5 in Fighting
  4391 | D:6      | Reached XP level 8. HP: 60/68 MP: 10/10
  5264 | D:7      | Reached skill level 5 in Dodging
  5290 | D:7      | Reached skill level 1 in Armour
  5408 | D:7      | Noticed Pikel
  5424 | D:7      | Killed Pikel
  5500 | D:7      | Found a large runed translucent door.
  5501 | D:7      | Found a large runed translucent door.
  5551 | D:7      | Found a staircase to the Ecumenical Temple.
  5939 | D:7      | Noticed Maggie
  5953 | D:7      | Killed Maggie
  5954 | D:7      | Reached skill level 5 in Armour
  5954 | D:7      | Reached XP level 9. HP: 46/74 MP: 11/11
  6537 | D:8      | Reached skill level 5 in Evocations
  6819 | D:8      | Noticed Joseph
  6827 | D:8      | Killed Joseph
  7431 | D:2      | Killed Terence
  8108 | D:9      | Reached XP level 10. HP: 69/81 MP: 13/13
  8500 | D:9      | Found Ceydawat's Antique Armour Emporium.
  8508 | D:9      | Bought a pair of embroidered gloves for 217 gold pieces
  8513 | D:9      | Bought a glowing buckler for 217 gold pieces
  8513 | D:9      | Bought a pair of boots for 130 gold pieces
  8594 | D:9      | Reached skill level 1 in Shields
  8646 | D:9      | Found a staircase to the Lair.
  8660 | D:9      | Noticed a skyshark
  8668 | D:9      | a skyshark changed into an eye of devastation
  8668 | D:9      | Noticed an eye of devastation (shapeshifter)
  8675 | D:9      | Killed an eye of devastation
  8725 | D:9      | Paralysed by a hornet for 2 turns
  9010 | D:9      | Reached skill level 5 in Shields
  9396 | D:10     | Entered Level 10 of the Dungeon
 10232 | D:11     | Reached skill level 10 in Long Blades
 10512 | D:11     | Reached XP level 11. HP: 65/86 MP: 5/14
 10711 | D:11     | Found a staircase to the Orcish Mines.
 10925 | D:11     | Noticed a centaur warrior
 10939 | D:11     | Killed a centaur warrior
 11546 | Lair:1   | Entered Level 1 of the Lair of Beasts
 13456 | Lair:2   | Reached XP level 12. HP: 94/94 MP: 11/15
 14011 | Lair:2   | Reached skill level 10 in Dodging
 14437 | Lair:2   | Found a staircase to the Swamp.
 15186 | Lair:3   | Noticed Gastronok
 15374 | Lair:3   | Noticed Prince Ribbit
 15411 | Lair:3   | Killed Prince Ribbit
 15612 | Lair:3   | Noticed Sonja
 15620 | Lair:3   | Killed Sonja
 15812 | Lair:3   | Found a staircase to the Snake Pit.
 16348 | Lair:4   | Noticed a five-headed hydra
 16369 | Lair:4   | Killed a five-headed hydra
 16370 | Lair:4   | Reached XP level 13. HP: 97/105 MP: 5/16
 16375 | Lair:4   | Identified a scroll of acquirement
 16376 | Lair:4   | Acquired a +2 tower shield of protection
 16945 | Lair:5   | Entered Level 5 of the Lair of Beasts
 17074 | Lair:5   | Noticed a dire elephant
 17080 | Lair:5   | Found a staircase to the Slime Pits.
 17652 | Lair:4   | Reached skill level 10 in Shields
 18029 | Lair:5   | Identified the +8 war axe of Midsummer {flame, Drain rC+
                  | Str+2 Int+5}
 18254 | Lair:5   | Killed a dire elephant
 18422 | Lair:5   | Reached XP level 14. HP: 113/113 MP: 4/17
 18568 | Lair:5   | Found the +8 trident of the Octopus King {venom, rElec
                  | rPois}
 18574 | Lair:5   | Identified the +4 long sword of the Jumping Oracle {freeze,
                  | Fragile Int+6}
 18778 | Lair:5   | Acquired a manual of Armour
 19121 | D:12     | Noticed Nergalle
 19174 | D:11     | Noticed Josephine
 19179 | D:11     | Killed Josephine
 19313 | D:12     | Noticed Urug
 19323 | D:12     | Killed Urug
 19449 | D:12     | Killed Nergalle
 19591 | D:12     | Reached skill level 10 in Armour
 20821 | D:13     | Found Kooshis's Weapon Emporium.
 21809 | D:14     | Found a gate to the Vaults.
 21901 | D:14     | Noticed Snorg
 21917 | D:14     | Killed Snorg
 22316 | D:14     | Noticed Azrael
 22335 | D:14     | Killed Azrael
 22621 | D:15     | Entered Level 15 of the Dungeon
 22929 | D:15     | Reached skill level 10 in Fighting
 23132 | D:15     | Reached XP level 15. HP: 120/126 MP: 15/18
 24129 | D:15     | Found a staircase to the Depths.
 24276 | Orc:1    | Entered Level 1 of the Orcish Mines
 24698 | Orc:2    | Entered Level 2 of the Orcish Mines
 24698 | Orc:2    | Found Beqasen's Armour Shoppe.
 24771 | Orc:2    | Found Dirochik's General Store.
 24774 | Orc:2    | Found a staircase to the Elven Halls.
 24776 | Orc:2    | Bought a phantom mirror for 480 gold pieces
 24776 | Orc:2    | Bought a potion of flight for 36 gold pieces
 24945 | Orc:2    | Found Aqodefec's Assorted Antiques.
 24948 | Orc:2    | Bought a potion of berserk rage for 130 gold pieces
 24948 | Orc:2    | Bought a potion of might for 104 gold pieces
 25763 | Orc:2    | Found Imietore's Antique Weapon Shop.
 26049 | Orc:2    | Found Hiagriop's General Store.
 26050 | Orc:2    | Found Mianeo Fivi's Book Emporium.
 26052 | Orc:2    | Found Garhuc's Antique Armour Shoppe.
 26052 | Orc:2    | Found Ezxeman's Antique Weapon Shoppe.
 26057 | Orc:2    | Bought a potion of curing for 39 gold pieces
 26057 | Orc:2    | Bought a potion of might for 52 gold pieces
 26057 | Orc:2    | Bought a lightning rod (4/4) for 390 gold pieces
 26057 | Orc:2    | Bought a scroll of enchant weapon for 97 gold pieces
 26069 | Orc:2    | Bought a pair of glowing boots for 217 gold pieces
 26683 | Lair:3   | Killed Gastronok
 26751 | Snake:1  | Entered Level 1 of the Snake Pit
 27407 | Snake:1  | Reached skill level 15 in Shields
 27686 | Snake:1  | Identified the +0 cloak of Sloth {rF- Dex+6}
 28211 | Snake:1  | Found a runed translucent door.
 29008 | Snake:2  | Reached XP level 16. HP: 117/134 MP: 0/19
 30947 | Snake:2  | Got the Excursus on the Gusty Summer
 31482 | Snake:3  | Reached skill level 15 in Dodging
 32067 | Snake:3  | Found Gaxaw's Book Shoppe.
 32068 | Snake:3  | Found Qukuon's Jewellery Shop.
 32069 | Snake:3  | Found Ymozeni's Book Shoppe.
 33260 | Snake:4  | Entered Level 4 of the Snake Pit
 33260 | Snake:4  | Found Girawk's General Store.
 33264 | Snake:4  | Bought a potion of heal wounds for 95 gold pieces
 33528 | Snake:3  | Reached skill level 15 in Armour
 33687 | Snake:4  | Reached XP level 17. HP: 141/141 MP: 0/20
 33973 | Snake:4  | Identified the ring "Coewaeq" {*Slow rElec rC++ rCorr
                  | Dex+6}
 35078 | Snake:4  | Got a serpentine rune of Zot
 35411 | Swamp:1  | Entered Level 1 of the Swamp
 35628 | Swamp:1  | Acquired the +20 crystal plate armour of Fashionability
                  | {rElec rF+}
 36978 | Swamp:2  | Got the Compendium of Soot
 37593 | Swamp:3  | Reached skill level 15 in Fighting
 38265 | Swamp:3  | Noticed a tentacled monstrosity
 38277 | Swamp:3  | Killed a tentacled monstrosity
 38284 | Swamp:3  | Reached XP level 18. HP: 162/163 MP: 7/21
 38287 | Swamp:3  | Identified the +2 leather armour "Pyrchack" {Will+}
 38453 | Swamp:4  | Entered Level 4 of the Swamp
 38810 | Swamp:4  | Reached skill level 15 in Long Blades
 39078 | Swamp:4  | Identified the +3 chain mail of the Rose {rCorr SInv}
 39234 | Swamp:4  | Noticed the 27-headed Lernaean hydra
 39239 | Swamp:4  | Killed the 27-headed Lernaean hydra
 39396 | Swamp:4  | Got a decaying rune of Zot
 39939 | Elf:1    | Entered Level 1 of the Elven Halls
 40177 | Elf:1    | Paralysed by an air elemental for 1 turns
 40977 | Snake:3  | Bought an amulet of reflection for 570 gold pieces
 42123 | Elf:2    | Found a runed translucent gate.
 42123 | Elf:2    | Found a runed translucent gate.
 42123 | Elf:2    | Found a runed translucent gate.
 42257 | Elf:2    | Found a gateway to a bazaar.
 43540 | Elf:3    | Entered Level 3 of the Elven Halls
 43853 | Elf:3    | Reached XP level 19. HP: 101/170 MP: 15/22
 44293 | Elf:3    | Identified the +3 morningstar "Seitz" {spect, SInv}
 44353 | Elf:3    | Identified the +0 leather armour of Woriefoi {+Blink rC+
                  | Str+2}
 44443 | Elf:3    | Identified the ring "Epafetz" {rF+ rCorr}
 44606 | Elf:3    | Identified the staff of air "Zuchaich" {rElec rN+ Str+4}
 44619 | Elf:3    | Identified the +0 scale mail "Ruicraa" {MP+9}
 44625 | Elf:3    | Got the Tome of the Lonely Mice
 45535 | Vaults:1 | Entered Level 1 of the Vaults
 48188 | Vaults:3 | Reached XP level 20. HP: 162/178 MP: 14/24
 48664 | Vaults:3 | Found a staircase to the Crypt.
 49314 | Vaults:3 | Identified the +3 halberd of Vashinga {holy, rPois rC+++
                  | rN+ Dex-4}
 50271 | Vaults:4 | Noticed Boris
 50279 | Vaults:4 | Killed Boris
 51272 | Depths:1 | Entered Level 1 of the Depths
 51409 | Depths:1 | Found a one-way gate to the infinite horrors of the Abyss.
 51601 | Depths:1 | Found a gateway to Hell.
 51754 | Depths:1 | Found a one-way gateway to a ziggurat.
 52350 | Depths:1 | Reached XP level 21. HP: 162/184 MP: 8/25
 52681 | Depths:2 | Noticed a golden dragon
 52689 | Depths:2 | Killed a golden dragon
 52805 | Depths:2 | Noticed Sojobo
 52823 | Depths:2 | Killed Sojobo
 53150 | Depths:2 | Found Ytikk's Weapon Emporium.
 53158 | Depths:2 | Found Elacih's Jewellery Emporium.
 53308 | Depths:2 | Bought the ring "Awiabusa" {rF++ Int+6} for 1028 gold
                  | pieces
 53550 | Depths:2 | Found a one-way gate leading to the halls of Pandemonium.
 54773 | Depths:3 | Noticed a caustic shrike
 54784 | Depths:3 | Killed a caustic shrike
 54848 | Depths:3 | Noticed a caustic shrike
 54848 | Depths:3 | Noticed a juggernaut
 54860 | Depths:3 | Killed a juggernaut
 54994 | Depths:3 | Killed a caustic shrike
 55080 | Depths:3 | Noticed a juggernaut
 55091 | Depths:3 | Killed a juggernaut
 55653 | Depths:3 | Identified the +6 longbow "Demonbane" {speed, Fly rCorr
                  | Int-3}
 56394 | Depths:4 | Entered Level 4 of the Depths
 56530 | Depths:4 | Noticed a golden dragon
 56609 | Depths:4 | Reached XP level 22. HP: 177/192 MP: 6/26
 58107 | Depths:4 | Found a gate to the Realm of Zot.
 58351 | Vaults:5 | Entered Level 5 of the Vaults
 58582 | Vaults:5 | Noticed a dread lich
 58862 | Vaults:4 | Killed a dread lich
 59824 | Vaults:5 | Got a silver rune of Zot
 59943 | Vaults:5 | Identified the +4 scimitar of Fate {pain, Int+3}
 60287 | Vaults:5 | Identified the amulet of Life {RegenMP rN+}
 60395 | Vaults:5 | Reached XP level 23. HP: 193/204 MP: 19/27
 60703 | Vaults:5 | Identified the +2 pair of gloves of the Blessed Realm {Fly}
 60765 | Vaults:5 | Identified the +0 trident of Indomitability {flame, rPois
                  | Dex+3 SInv Stlth-}
 60813 | Vaults:5 | Found Demox's Book Shoppe.
 60942 | Vaults:5 | Got the Folio of Arson and Conflict
 61492 | Zot:1    | Entered Level 1 of the Realm of Zot
 63017 | Zot:2    | Noticed an orb of fire
 63024 | Zot:2    | Gained mutation: You are frail. (-10% HP) [an orb of fire]
 63024 | Zot:2    | Gained mutation: You expend magic power (3 MP) to
                  | strengthen your wands. [an orb of fire]
 63025 | Zot:2    | Gained mutation: Armour fits poorly on your strangely
                  | shaped body. [an orb of fire]
 63027 | Zot:2    | Killed an orb of fire
 64239 | Zot:3    | Noticed Grunn
 64474 | Zot:3    | Killed Grunn
 67281 | Zot:5    | Entered Level 5 of the Realm of Zot
 67332 | Zot:5    | Found a huge runed gate.
 67332 | Zot:5    | Found a huge runed gate.
 67332 | Zot:5    | Found a huge runed gate.
 67332 | Zot:5    | Found a huge runed gate.
 67332 | Zot:5    | Found a huge runed gate.
 67332 | Zot:5    | Found a huge runed gate.
 67332 | Zot:5    | Found a huge runed gate.
 67332 | Zot:5    | Found a huge runed gate.
 67332 | Zot:5    | Found a huge runed gate.
 67332 | Zot:5    | Found a huge runed gate.
 67344 | Zot:5    | Found a huge runed gate.
 67344 | Zot:5    | Found a huge runed gate.
 67344 | Zot:5    | Found a huge runed gate.
 67344 | Zot:5    | Found a huge runed gate.
 67345 | Zot:5    | Found a huge runed gate.
 67346 | Zot:5    | Found a huge runed gate.
 67347 | Zot:5    | Found a huge runed gate.
 67348 | Zot:5    | Found a huge runed gate.
 67349 | Zot:5    | Found a huge runed gate.
 67357 | Zot:5    | Found a huge runed gate.
 67357 | Zot:5    | Found a huge runed gate.
 67357 | Zot:5    | Found a huge runed gate.
 67357 | Zot:5    | Found a huge runed gate.
 67357 | Zot:5    | Found a huge runed gate.
 67357 | Zot:5    | Found a huge runed gate.
 67357 | Zot:5    | Found a huge runed gate.
 67358 | Zot:5    | Found a huge runed gate.
 67359 | Zot:5    | Found a huge runed gate.
 67367 | Zot:5    | Found a huge runed gate.
 67367 | Zot:5    | Found a huge runed gate.
 67367 | Zot:5    | Found a huge runed gate.
 67367 | Zot:5    | Found a huge runed gate.
 67367 | Zot:5    | Found a huge runed gate.
 67367 | Zot:5    | Found a huge runed gate.
 67367 | Zot:5    | Found a huge runed gate.
 67368 | Zot:5    | Found a huge runed gate.
 67424 | Zot:4    | Reached XP level 24. HP: 99/205 MP: 7/27
 67777 | Zot:5    | Noticed an orb of fire
 67782 | Zot:5    | Gained mutation: Potions are less effective at restoring
                  | your health. [an orb of fire]
 67785 | Zot:5    | Killed an orb of fire
 68043 | Zot:4    | Lost mutation: Armour fits poorly on your strangely shaped
                  | body. [potion of mutation]
 68043 | Zot:4    | Lost mutation: Potions are less effective at restoring your
                  | health. [potion of mutation]
 68043 | Zot:4    | Gained mutation: You have a pair of small horns on your
                  | head. [potion of mutation]
 68043 | Zot:4    | Gained mutation: You have very sharp teeth. [potion of
                  | mutation]
 68043 | Zot:4    | Gained mutation: You have sharp toenails. [potion of
                  | mutation]
 68474 | Zot:5    | Noticed an orb of fire
 68481 | Zot:5    | Noticed an ancient lich
 68484 | Zot:5    | Killed an orb of fire
 68489 | Zot:5    | Killed an ancient lich
 68532 | Zot:5    | Noticed a Killer Klown
 68545 | Zot:5    | Killed a Killer Klown
 68900 | Zot:5    | Noticed a Killer Klown
 68910 | Zot:5    | Noticed a Killer Klown
 68918 | Zot:5    | Killed a Killer Klown
 68928 | Zot:5    | Killed a Killer Klown
 68952 | Zot:5    | Noticed an orb of fire
 68958 | Zot:5    | Killed an orb of fire
 69159 | Zot:5    | Noticed a dread lich
 69169 | Zot:5    | Killed a dread lich
 69472 | Zot:5    | Lost mutation: You are frail. (-10% HP) [potion of
                  | mutation]
 69472 | Zot:5    | Lost mutation: You have sharp toenails. [potion of
                  | mutation]
 69472 | Zot:5    | Gained mutation: You are agile. (Dex +4, Str/Int -1)
                  | [potion of mutation]
 69472 | Zot:5    | Gained mutation: Your system is resistant to poisons.
                  | (rPois) [potion of mutation]
 69472 | Zot:5    | Gained mutation: You possess an exceptional clarity of
                  | mind. [potion of mutation]
 69479 | Zot:5    | Got the Orb of Zot
 69501 | Zot:5    | Noticed Riunim the pandemonium lord
 69516 | Zot:5    | Paralysed by a Zot trap for 3 turns
 69645 | Zot:1    | Noticed Iqeyteom the pandemonium lord
 69966 | D:$      | Escaped with the Orb!

Illustrated notes

Levels and vault maps discovered:
D:1:      dpeg_arrival_rhombi, layout_loops_ring,
          nicolae_kite_square_tiling_tiny, nicolae_figureground_pulse
D:2:      layout_basic, uniq_natasha, uniq_terence
D:3:      layout_basic, fedhas_altar_4, kennysheep_another_room
D:4:      layout_basic, lemuel_round_altar, uniq_sigmund
D:5:      layout_loops_ring, elyvilon_altar_4, nicolae_shop_overcharged_wands
D:6:      layout_loops_ring, mainiacjoe_overflow_small_starburst,
          kennysheep_mini
D:7:      layout_gridville, slow_altar_1, nicolae_qazlal_general_emergency,
          jmf_multi_god_temple2, minmay_temple_entry_proselytizer, uniq_maggie,
          uniq_pikel
D:8:      layout_loops_cross, makhleb_grotto_becter,
          nicolae_overflow_hidden_temple, uniq_joseph
D:9:      layout_cave_pods, lair_entry_dummy, serial_shops,
          nicolae_shop_dealshenge, minmay_misc_feat_four_crosses
D:10:     layout_roguey, lemuel_crystal_altar, lemuel_tele_altar,
          gammafunk_temple_overflow_wave
D:11:     layout_irregular_city, david_orc_4, minmay_sticks_and_stones,
          uniq_josephine
D:12:     minmay_roctagon, layout_long_grid, uniq_nergalle, uniq_urug
D:13:     layout_loops_corners, serial_shops, shop, kennysheep_small_spiral
D:14:     layout_cave_pools, david_vaults_1, serial_co_window_serial,
          co_window_paths_b, co_window_corner_a, co_window_paths_a,
          co_window_corner_a, co_window_paths_a, co_window_paths_b,
          co_window_paths_b, co_window_broadway_b, co_window_of_opportunity_b,
          co_window_broadway_c, co_window_sun, glass_columns_a, glass_columns_a,
          glass_columns_a, uniq_snorg, uniq_azrael
D:15:     grunt_enter_depths_hoard, layout_irregular_city,
          kennysheep_flooded_box, kennysheep_four_rooms
Lair:1:   layout_cave_pods, st_stairs_4, lemuel_old_faithful,
          infiniplex_staircase_pool, grunt_megastairs_4
Lair:2:   layout_regular_city, minmay_swamp_entry_worms, serial_forest,
          infiniplex_forest_clump_double, infiniplex_forest_straight_4,
          infiniplex_forest_straight_2, infiniplex_forest_clump_medium,
          infiniplex_forest_lined_room_2, infiniplex_forest_end_1,
          infiniplex_forest_pool, infiniplex_forest_straight_2
Lair:3:   layout_hall_layers, nicolae_snake_entry_squirm, beast_lair_carwin_6,
          uniq_sonja, uniq_gastronok, uniq_prince_ribbit2
Lair:4:   layout_roguey, serial_bayou_shore_a
Lair:5:   gammafunk_lair_ancient_temple, layout_big_grid,
          nicolae_slime_entry_field_trip, serial_bayou_crossing,
          infiniplex_staircase_pool_2
Swamp:1:  nicolae_swamp_wrong_neighborhood, layout_basic_swamp,
          evilmike_swamp_ruin_house_3, swamp_pool2
Swamp:2:  nicolae_swamp_ascending_descending, layout_falls_marsh,
          serial_swamp_ruin, hangedman_swamp_ruin_wall,
          evilmike_swamp_ruin_house_2, swamp_pool5, water_boxes_lemuel
Swamp:3:  nzn_winding_woodlands_cross [nzn_winding_woodlands_5x15_pool,
          nzn_winding_woodlands_5x15_crooked, nzn_winding_woodlands_5x15_garden,
          nzn_winding_woodlands_5x15_zeroes,
          nzn_winding_woodlands_15x15_boxy_spiral], layout_basic_swamp,
          statue_in_the_mist_lemuel
Swamp:4:  swamp_old_school, layout_basic_swamp, swamp_pool1,
          cheibrodos_swamp_minitomb
Snake:1:  cheibrodos_toxic_ritual, layout_chambers,
          nicolae_snake_salamander_fort, nicolae_triple_integral
Snake:2:  cheibrodos_forgotten_conduit, layout_cave_town,
          nicolae_snake_gridmaze_big_u, nicolae_snake_storage_room
Snake:3:  layout_layer_cave, minmay_shop_grove
Snake:4:  snake_pit_salamanders_mu, layout_rooms, serial_shops,
          nicolae_shop_hallway_stairs
Orc:1:    layout_diamond_mine
Orc:2:    st_orc_congregation, layout_caves, serial_shops, shop,
          nicolae_shop_dealshenge, nicolae_shop_hallway_plus,
          nicolae_shop_behind_doors, minmay_orc_temple_a
Elf:1:    eino_elf_arrival_the_gate, layout_loops_ring, serial_co_window_serial,
          co_window_paths_a, co_window_of_opportunity_a, co_window_paths_b,
          co_window_paths_b, co_window_corner_a, co_window_paths_a,
          co_window_paths_a, co_window_paths_a, co_window_corner_a,
          co_window_unsneaky_path_e, co_window_of_opportunity_b,
          co_window_paths_c, glass_columns_c
Elf:2:    nicolae_elf_blades_splatter_lattice
          [nicolae_blade_entry_hurt_lockers], layout_loops_cross, serial_shops,
          bzr_entry_customers
Elf:3:    grunt_elf_hall_spiral, layout_loops_corners
Vaults:1: nicolae_vaults_sightless_eye, grunt_vaults_hallway_long,
          nicolae_vaults_triangles, v_misc_23,
          vaults_room_grunt_arrival_checkpoint, vaults_room_stairs_pillars,
          nicolae_vaults_trapezoid_3, grunt_vaults_bifocal,
          nicolae_vaults_enemy_cabinets, hangedman_vaults_pinch,
          nicolae_vaults_little_squares_4, nicolae_vaults_trapezoid_2,
          nicolae_vaults_diamond_1, v_misc_3, layout_vaults_omnibox
Vaults:2: nicolae_vaults_little_squares_3, nicolae_vaults_hexular_roomagon,
          nicolae_vaults_trapezoid_2, st_cross, v_misc_22,
          hangedman_vaults_slice, nicolae_vaults_shelves_hall,
          nicolae_vaults_tetromino_T_1, layout_vaults_big_room
Vaults:3: v_rooms_2, minmay_crypt_entry_simple_statues,
          nicolae_vaults_security_offices_2, grunt_vaults_funnel,
          ontoclasm_vaults_bender, v_pattern_2, grunt_vaults_focal, v_misc_29,
          nicolae_vaults_stepped_doors, vaults_room_octagon, vaults_room_boxed,
          grunt_vaults_hallway_short, nicolae_vaults_trapezoid_lopsided_1,
          layout_vaults_big_cross
Vaults:4: v_misc_30, nicolae_vaults_meiosis, nicolae_vaults_big_angled_halls,
          hangedman_vaults_nodes, nicolae_vaults_apartment_2, v_rooms_3,
          hangedman_vaults_impose, nicolae_vaults_tetromino_L_1,
          nicolae_vaults_diamond_2, ontoclasm_vaults_eye, layout_vaults_ring,
          uniq_boris
Vaults:5
Depths:1: layout_gridlike, enter_ziggurat_c, hangedman_geh_valley,
          minmay_misc_feat_enclosed, abyss_entry, kennysheep_inner_square
Depths:2: nicolae_hexawheel, layout_gridlike, grunt_hell_horde,
          rand_demon_pan_entry_7, minmay_misc_feat_chi, minmay_shop_star,
          uniq_sojobo
Depths:3: hangedman_cross_cluster, layout_gridlike, hangedman_tar_grid_catacomb,
          abyss_entry_small_statue_room, infiniplex_staircase_zigzag_3
Depths:4: grunt_zot_entry_hairpin, layout_cave_shapes,
          chequers_serial_rivers_marsh, pan_entry, hellmouth_1,
          serial_bayou_shore_b, uniq_margery
Zot:1:    layout_cellular_growth, grunt_megastairs_1
Zot:2:    layout_gridlike, grunt_megastairs_5
Zot:3:    layout_twisted_circle, uniq_grunn
Zot:4:    layout_basic, hangedman_zot_decor_checkerboard, grunt_megastairs_3,
          lemuel_elevator
Zot:5:    layout_onion, door_vault

Skill      XL: |  1  2  3  4  5  6  7  8  9 10 11 12 13 14 15 16 17 18 19 20 21 22 23 24 |
---------------+-------------------------------------------------------------------------+-----
Long Blades    | 3 4 5 6 7 8 10 14 18 20 21 | 21.0
Fighting       | 5 7 10 15 16 21 | 21.0
Dodging        | 3 5 8 10 12 15 18 | 18.5
Armour         | 5 8 13 15 18 21 | 21.1
Evocations     | 2 5 |  5.0
Shields        | 5 11 12 15 19 20 | 20.0
Throwing       | |  1.7

Action                     |  1- 3 |  4- 6 |  7- 9 | 10-12 | 13-15 | 16-18 | 19-21 | 22-24 || total
---------------------------+-------+-------+-------+-------+-------+-------+-------+-------++-------
  Melee: Long sword        |   104 |    71 |       |       |       |       |       |       ||   175
         Punch             |       |     1 |     4 |     2 |       |       |       |       ||     7
         Falchion          |       |    46 |   235 |   647 |  1535 |  1134 |       |       ||  3597
         Short sword       |       |       |       |    16 |    74 |       |       |       ||    90
         Scimitar          |       |       |       |       |       |   860 |       |       ||   860
         Double sword      |       |       |       |       |       |    46 |  1339 |  1306 ||  2691
         Headbutt          |       |       |       |       |       |       |       |    62 ||    62
         Bite              |       |       |       |       |       |       |       |    29 ||    29
  Throw: Dart              |       |     5 |     1 |     1 |     6 |       |       |       ||    13
         Throwing net      |       |     1 |       |       |       |       |       |       ||     1
  Evoke: Wand              |       |       |     2 |     1 |    13 |     1 |     1 |       ||    18
         Phial of floods   |       |       |       |       |     1 |       |       |       ||     1
         Phantom mirror    |       |       |       |       |       |     1 |       |       ||     1
    Use: Scroll            |     2 |     3 |    11 |     8 |    22 |    19 |     5 |    16 ||    86
         Potion            |       |       |     2 |     2 |     6 |     5 |     1 |    34 ||    50
   Stab: Sleeping          |       |     1 |     2 |     2 |     3 |       |       |       ||     8
         Distracted        |       |       |     1 |       |       |       |     2 |       ||     3
         Invisible         |       |       |     3 |     2 |       |       |       |       ||     5
         Paralysed         |       |       |       |     1 |       |       |       |       ||     1
         Confused          |       |       |       |       |       |     4 |       |       ||     4
 Armour: Leather armour    |    32 |    18 |       |       |       |       |       |       ||    50
         Ring mail         |       |    10 |    29 |       |       |       |       |       ||    39
         Skin              |       |       |     8 |       |       |       |       |       ||     8
         Steam dragon scal |       |       |    11 |       |       |       |       |       ||    11
         Acid dragon scale |       |       |     6 |    89 |   202 |       |       |       ||   297
         Chain mail        |       |       |       |       |    45 |    41 |       |       ||    86
         Scale mail        |       |       |       |       |       |    81 |       |       ||    81
         Crystal plate arm |       |       |       |       |       |   298 |   539 |   601 ||  1438
  Dodge: Dodged            |    58 |    56 |   134 |   324 |   520 |   617 |   504 |   721 ||  2934
  Block: Buckler           |       |       |       |   142 |       |       |       |       ||   142
         Tower shield      |       |       |       |       |  1856 |  2609 |  2377 |  2332 ||  9174
         Reflection        |       |       |       |       |       |    46 |    94 |    57 ||   197
